Map: Turbo Cruise '84 LE

Players

Sura

  • Race: Zerg Zerg
  • League: Master
  • Spawn Location: 7:00

Mez - Winner!

  • Race: Terran Terran
  • League: Master
  • Spawn Location: 3:00

VOD

Have the link to the VOD?

Description

Time

  • Played on: Aug. 1, 2019, 3:43 a.m.
  • Length: 5:03
Show
View Real Time Build Order
Export as new Build Order

Sura Zerg 

Build Orders: Pool First 

Get SALT Encoding   

  12  0:01  Drone  
  13  0:22  Spawning Pool  
  13  0:25  Drone  
  13  0:30  Drone  
  14  0:36  Drone, Extractor  
  15  0:44  Overlord  
  15  1:09  Zergling x6  
  18  1:24  Hatchery  
  17  1:27  Queen  
  19  1:34  Drone  
  19  1:35  Extractor  
  19  1:43  Drone x2  
  21  1:54  Overlord  
  21  2:19  Drone x2  
  22  2:26  Drone  
  23  2:36  Drone  
  24  2:40  Queen  
  24  2:42  Drone  
  27  2:48  Lair  
  27  2:49  Drone x2  
  29  2:59  Drone x2  
  29  3:00  Drone  
  29  3:03  Drone  
  33  3:11  Drone x2  
  35  3:20  Overlord  
  35  3:25  Overlord  
  35  3:31  Queen  
  35  3:32  Roach Warren  
  36  3:35  Overlord  
  36  3:41  Evolution Chamber  
  36  3:42  Evolution Chamber  
  36  3:46  Drone  
  36  3:47  Drone x3  
  38  3:48  Extractor  
  36  4:02  Drone x3  
  39  4:03  Drone x3  
  39  4:07  Extractor  
  41  4:16  Spire  
  40  4:19  Drone x2, Extractor  
  40  4:20  Drone  
  42  4:27  Drone x2  
  44  4:44  Drone  
  46  4:45  Drone  
  46  4:46  Drone x2  
  46  4:47  Drone  
  46  4:48  Hatchery  
Show
View Real Time Build Order
Export as new Build Order

Mez Terran - Winner!

Build Orders: Reaper Expand 

Get SALT Encoding   

  12  0:00  SCV  
  13  0:13  SCV  
  14  0:17  Supply Depot  
  14  0:25  SCV  
  15  0:39  SCV  
  15  0:40  Barracks  
  16  0:45  Refinery  
  16  0:51  SCV  
  17  1:03  SCV  
  18  1:15  SCV  
  19  1:27  Reaper  
  19  1:28  Orbital Command  
  20  1:42  Command Center  
  20  1:54  SCV  
  21  1:57  Barracks  
  21  2:00  Barracks Reactor  
  20  2:11  Supply Depot  
  20  2:33  Barracks  
  20  2:39  SCV  
  20  2:42  Marine x2  
  22  2:46  Barracks Tech Lab  
  22  2:51  SCV  
  23  2:56  Bunker  
  23  2:59  Marine  
  23  3:00  Marine  
  23  3:03  SCV  
  26  3:07  Combat Shield, Marine  
  27  3:16  Orbital Command  
  27  3:20  Marine  
  27  3:22  SCV  
  29  3:28  Marine x2  
  29  3:31  Marine  
  32  3:40  Supply Depot  
  32  3:50  SCV  
  32  3:55  SCV, Marine x3  
  34  3:57  Marauder  
  34  4:02  SCV  
  40  4:13  Supply Depot  
  40  4:17  Marine x3  
  40  4:18  Marine  
  40  4:20  SCV x2  
  46  4:28  Engineering Bay  
  46  4:31  Factory  
  46  4:33  SCV  
  46  4:35  Refinery  
  47  4:39  Supply Depot  
  47  4:41  SCV  
  47  4:44  Marine  
  47  4:45  SCV  
Tags
 
Add a new tag
Caveats
  • Supply blocks, unpowered buildings, or Contaminate may cause inaccurate times.
  • Supply counts are checked every 10 seconds.